 Dungeon Crawl Stone Soup version 0.31-a0-844-gdc52ec4e09 (webtiles) character file.

Game seed: 8486138400418870305

224 CowFu the Cudgeller (level 6, -2/37 HPs)
             Began as a Gargoyle Monk on Oct 1, 2023.
             Was a Believer of Jiyva.
             Slain by an ogre
             ... wielding a +0 giant club
              (13 damage)
             ... on level 4 of the Dungeon.
             The game lasted 00:04:39 (2631 turns).

CowFu the Cudgeller (Gargoyle Monk)                 Turns: 2631, Time: 00:04:40

Health: -2/37      AC: 13    Str: 17    XL:     6   Next: 0%
Magic:  6/6        EV:  8    Int: 10    God:    Jiyva [**....]
Gold:   25         SH:  0    Dex: 12    Spells: 5/5 levels left

rFire   . . .        s - +0 flail
rCold   . . .        d - orb {light}
rNeg    + . .        l - +0 chain mail
rPois   ∞            (no helmet)
rElec   +            f - +0 cloak
rCorr   +            (no gloves)
SInv    .            (no boots)
Will    .....        (no amulet) Stlth
                     (no ring)
HPRegen 1.22/turn    (no ring)
MPRegen 0.40/turn

%: no passive effects
@: glowing
A: sickness immunity, AC +4, negative energy resistance 1, electricity
resistance, torment resistance 1, petrification resistance
a: Renounce Religion


You were on level 4 of the Dungeon.
You worshipped Jiyva.
Jiyva was pleased with you.
You visited 1 branch of the dungeon, and saw 4 of its levels.
You also visited: Sewer.

You collected 113 gold pieces.
You spent 88 gold pieces at shops.

Inventory:

Hand Weapons
 s - a +0 flail (weapon)
Armour
 d - an orb of light (worn)
 f - a +0 cloak (worn)
 l - a +0 chain mail (worn)
Scrolls
 b - 2 scrolls of identify
 e - 2 scrolls of amnesia {unknown}
 g - 2 scrolls of blinking {unknown}
 h - 2 scrolls of noise {unknown}
 i - a scroll of fog {unknown}
 k - a scroll of fear {unknown}
 m - a scroll of poison {unknown}
 p - 2 scrolls of enchant armour {unknown}
 t - a scroll of teleportation
Potions
 a - a potion of berserk rage
 c - a potion of ambrosia
 j - 2 potions of mutation
 n - 4 potions of might
 o - a potion of lignification {unknown}
 q - 2 potions of magic {unknown}
 r - a potion of haste {unknown}


   Skills:
 - Level 3.2 Fighting
 + Level 6.5 Maces & Flails
 - Level 2.4 Dodging


You had 5 spell levels left.
You didn't know any spells.
Your spell library contained the following spells:

 Spells                   Type           Power      Damage    Failure   Level
 Apportation              Tloc           0%         N/A       99%         1
 Necrotise                Necr           0%         1d4       99%         1
 Summon Small Mammal      Summ           0%         N/A       99%         1


Dungeon Overview and Level Annotations

Branches:
Dungeon (4/15)              Sewer (visited)
 Temple: D:4-7

Altars:
Ashenzari

Shops:
D:2 =   D:3 *


Innate Abilities, Weirdness & Mutations

You are immune to sickness and miasma.
Your stone body is resilient. (AC +4)
You are immune to poison.
You resist negative energy. (rN+)
You are resistant to electric shocks. (rElec)
You are resistant to unholy torment.
You are immune to petrification.


Message History

You kill the ball python!
No target in view!
You see here a ring of resist corrosion.
u - a ring of resist corrosion An adder comes into view.
The adder hisses angrily.
Found a stone staircase leading up.
A kobold comes into view. It is wielding a +0 dagger.
The kobold throws a stone.
The stone hits you but does no damage.
You barely miss the adder. The adder closely misses you. The adder bites you.
You sock the adder!
You kill the adder!
The kobold throws a stone.
The stone barely misses you.
You have reached level 6!
You drop a ring of resist corrosion.
The kobold hits you but does no damage.
You sock the kobold!
You kill the kobold!
No target in view!
No target in view!
Things that are here:
a +0 dagger; a stone An ogre comes into view.
It is wielding a +0 giant club.
Found a stone staircase leading down.
The ogre shouts!
You thump the ogre!
The ogre is moderately wounded.
The ogre hits you with a +0 giant club!!
You thump the ogre!
The ogre is severely wounded.
You sock the ogre!
The ogre is almost dead.
The ogre hits you with a +0 giant club!
* * * LOW HITPOINT WARNING * * *
You are too injured to fight recklessly!
You are too injured to fight recklessly!
You hit the ogre.
The ogre is almost dead.
The ogre hits you with a +0 giant club!
You die...

... ####.... ..>......#
##......#
........###........
###..................
##.....##.........<...
#......#..###.........
###........#...........
#........####...#......
#....O@..#.##..##......
#..###..)..##.##.......
#.......#.....#.##..
#..............### ##
..........=..##..#
..........†..## ....#
####..........# #...
##..........# #.#
##........## .#


You could see an ogre.

Vanquished Creatures
  A jelly (Sewer)
  An orc wizard (D:3)
  Robin (D:2)
  2 adders
  5 river rats
  2 worms
  6 orcs (D:3)
  9 ball pythons
  16 endoplasms
  4 giant cockroaches
  17 goblins
  8 hobgoblins
  3 quokkas
  8 bats
  5 frilled lizards
  5 kobolds
  8 rats
101 creatures vanquished.

Vanquished Creatures (others)
  2 jellies (Sewer)
  A ball python (Sewer)
  2 endoplasms (Sewer)
  A rat (Sewer)
6 creatures vanquished.

Grand Total: 107 creatures vanquished

Notes
Turn   | Place    | Note
-------+----------+-------------------------------------------
     0 | D:1      | CowFu the Gargoyle Monk began the quest for the Orb.
     0 | D:1      | Reached XP level 1. HP: 14/14 MP: 1/1
   135 | D:1      | Reached XP level 2. HP: 19/19 MP: 2/2
   419 | D:1      | Reached skill level 4 in Maces & Flails
   482 | D:1      | Reached XP level 3. HP: 21/23 MP: 3/3
   503 | D:1      | Found a faded altar of an unknown god.
   631 | D:2      | Noticed Robin
   654 | D:2      | Killed Robin
   792 | D:2      | Reached XP level 4. HP: 28/28 MP: 4/4
   892 | D:2      | Found Mitrapom's Jewellery Shoppe.
  1165 | D:2      | Reached skill level 5 in Maces & Flails
  1410 | D:3      | Found a broken altar of Ashenzari.
  1486 | D:3      | Found Ufaasef's General Store.
  1534 | D:3      | Found a glowing drain.
  1548 | D:3      | Reached XP level 5. HP: 25/32 MP: 5/5
  1564 | Sewer    | Entered a sewer
  1838 | Sewer    | Reached skill level 6 in Maces & Flails
  1883 | Sewer    | Found a viscous altar of Jiyva.
  1898 | Sewer    | Became a worshipper of Jiyva Juickego the Shapeless
  1898 | Sewer    | Reached * piety under Jiyva
  1898 | Sewer    | Reached ** piety under Jiyva
  2164 | D:3      | Bought a potion of berserk rage for 55 gold pieces
  2164 | D:3      | Bought a scroll of teleportation for 33 gold pieces
  2620 | D:4      | Reached XP level 6. HP: 36/37 MP: 6/6
  2631 | D:4      | Slain by an ogre

Illustrated notes

Levels and vault maps discovered:
D:1:      scummos_arrival_forest, layout_rooms,
          shapermc_ecumenical_altar_mp_ritualfount
D:2:      layout_basic, serial_shops, shop_statue, uniq_robin
D:3:      layout_basic, lemuel_tele_altar, cheibrodos_sewer_entry_sluice,
          serial_shops, nicolae_shop_tiny_waterfront
D:4:      layout_cave_pools

Skill      XL: |  1  2  3  4  5 |
---------------+----------------+-----
Maces & Flails | 4 5 6 |  6.5
Fighting       | |  3.2
Dodging        | |  2.4

Action                     |  1- 3 |  4- 6 || total
---------------------------+-------+-------++-------
  Melee: Mace              |    87 |   144 ||   231
         Flail             |       |    28 ||    28
    Use: Scroll            |       |     2 ||     2
 Armour: Robe              |    22 |       ||    22
         Chain mail        |    63 |   141 ||   204
  Dodge: Dodged            |    34 |    78 ||   112

Table legend: (Time is in decaauts)
 A = Elapsed time spent in this place.
 B = Non-inter-level travel time spent in this place.
 C = Inter-level travel time spent in this place.
 D = Time resting spent in this place.
 E = Time spent auto-exploring this place.
 F = Levels seen in this place.
 G = Mean time per level.
                   A        B        C        D        E       F      G
               +--------+--------+--------+--------+--------+-----+--------+
         Total |   2695 |   2623 |     72 |      0 |   1778 |   5 |  539.0 |
       Dungeon |   2232 |   2160 |     72 |      0 |   1520 |   4 |  558.0 |
         Sewer |    462 |    462 |      0 |      0 |    258 |   1 |  462.0 |
               +--------+--------+--------+--------+--------+-----+--------+

Top non-repeatable levels by time:
     D:3: 884 daAuts
     D:2: 673 daAuts
     D:1: 643 daAuts
   Sewer: 462 daAuts
     D:4: 31 daAuts
